 Dungeon Crawl Stone Soup version 0.27-a0-34-gc18c9092ac (webtiles) character file.

Game seed: 15985404998135623177

5345 DatorSojat the Grappler (level 10, -12/104 HPs)
             Began as a Troll Monk on Dec 19, 2020.
             Was an Initiate of Gozag.
             Killed from afar by Erica (26 damage)
             ... with a bolt of poison
             ... on level 8 of the Dungeon on Jan 4, 2021.
             The game lasted 00:18:01 (6436 turns).

DatorSojat the Grappler (Troll Monk)                Turns: 6436, Time: 00:18:02

Health: -12/104    AC:  8    Str: 21 (24) XL:     10   Next: 38%
Magic:  9/9        EV: 13    Int:  4 (6)  God:    Gozag
Gold:   930        SH:  0    Dex: 11 (12) Spells: 9/9 levels left

rFire    + . .     SeeInvis +     - Unarmed
rCold    . . .     Faith    .   (no shield)
rNeg     . . .     Spirit   .   A - +2 robe
rPois    .         Reflect  .   (helmet restricted)
rElec    .         Harm     .   c - scarf {repulsion}
rCorr    .         Rampage  .   (gloves unavailable)
Will     .....                  (boots unavailable)
Stlth    +.........             x - amulet of magic regeneration
HPRegen  0.67/turn              h - ring of see invisible
MPRegen  0.36/turn              u - ring of protection from fire

@: confused, brilliant, lethally poisoned (-12 -> -13), hasted, repel missiles,
very quick
A: large, unfitting armour, claws 3, regeneration 1, shaggy fur 1, tough skin 3
a: Renounce Religion, Potion Petition, Call Merchant, Bribe Branch


You were on level 8 of the Dungeon.
You worshipped Gozag.
Gozag was pleased with you.
You visited 2 branches of the dungeon, and saw 9 of its levels.

You collected 930 gold pieces.

Inventory:

Hand Weapons
 a - a +0 hand axe
Missiles
 B - 3 atropa-tipped darts (quivered)
Armour
 c - a scarf of repulsion (worn)
 A - a +2 robe (worn)
Jewellery
 h - a ring of see invisible (left claw)
 s - an uncursed ring of wizardry
 u - a ring of protection from fire (right claw)
 x - an amulet of magic regeneration (around neck)
 I - the macabre finger necklace {rN+}
   (You found it on level 8 of the Dungeon)

   [amulet of nothing]

   It protects you from negative energy.
 K - a cursed ring of teleportation {unknown}
Wands
 t - a wand of digging (3)
 y - a wand of random effects (11)
 F - a wand of iceblast (4)
 J - a wand of polymorph (5)
Scrolls
 b - a scroll of teleportation
 e - 2 scrolls of remove curse
 f - 5 scrolls of amnesia
 g - a scroll of enchant armour
 j - 4 scrolls of immolation
 o - a scroll of blinking
 q - 2 scrolls of fog
 w - 2 scrolls of enchant weapon
 E - a scroll of holy word
 G - a scroll of summoning {unknown}
 H - a scroll of fear {unknown}
Potions
 d - 2 potions of haste
 i - 4 potions of degeneration
 k - 3 potions of brilliance
 l - 2 potions of ambrosia
 m - 2 potions of might
 n - 2 potions of heal wounds
 p - 2 potions of curing
 r - a potion of berserk rage {unknown}
 v - a potion of invisibility {unknown}
 z - a potion of flight {unknown}
 C - a potion of attraction {unknown}
 D - 2 potions of lignification {unknown}


   Skills:
 + Level 8.0 Fighting
 - Level 2.4 Axes
 + Level 8.0 Dodging
 - Level 1.0 Stealth
 + Level 8.9 Unarmed Combat


You had 9 spell levels left.
You didn't know any spells.
Your spell library was empty.

Dungeon Overview and Level Annotations

Branches:
Dungeon (8/15)             Temple (1/1) D:6
   Lair: D:8-11

Altars:
Cheibriados
Dithmenos
Elyvilon
Fedhas
Gozag
Hepliaklqana
Kikubaaqudgha
Makhleb
Nemelex Xobeh
Qazlal
Ru
Sif Muna
Trog
Uskayaw
Vehumet
Wu Jian
Yredelemnul
Zin
The Shining One

Annotations:
D:8 Erica


Innate Abilities, Weirdness & Mutations

You are too large for most types of armour.
You have claws for hands.
Your natural rate of healing is unusually fast.
You are covered in fur. (AC +1)
You have extremely tough skin. (AC +3)


Message History

You mangle Erica!!
Erica is heavily wounded.
Erica hits you with a +3 scimitar of flaming!
* * * LOW HITPOINT WARNING * * *
Erica burns you.
* * * LOW HITPOINT WARNING * * *
You mangle Erica!!
Erica is severely wounded.
Erica drinks a potion.
Erica is healed!
You scratch Erica. Your claw misses Erica.
Erica is severely wounded.
You mangle Erica!!
Erica is almost dead.
Erica points at you and mumbles some strange words.
You are confused.
Erica gestures at you while chanting. The bolt of poison hits you!!
You are poisoned.
You die...
Your body crumbles into a pile of gold.

...........#
#.....##..##
#....#
########...#
#....#
#######....#
#....#
....(##.####
#....
).......#
#...
_....####
#.. .....#
#.### .....#
########@@.#
.....#
.......r#..#
....(#
........#..#
.....#
........#..#
≈≈≈≈.#
........####
≈≈≈≈≈#
........#
≈≈≈≈≈#
....#####
###### ....
...


You could see Erica (invisible) and a quokka.

Vanquished Creatures
  2 two-headed ogres (D:8)
  A centaur zombie (D:8)
  Sigmund (D:4)
  Menkaure (D:6)
  Duvessa (D:5)
  2 black bears (D:8)
  An ice beast (D:5)
  2 orc warriors (D:6)
  6 ogres
  3 centaurs
  2 big kobolds (D:7)
  8 bullfrogs
  Dowan (D:5)
  3 scorpions
  5 wights (D:7)
  3 howler monkeys
  2 bullfrog zombies (D:7)
  An orc priest (D:8)
  5 hounds
  5 orc wizards
  A centaur skeleton (D:7)
  Ijyb (D:3)
  7 worker ants
  Terence (D:3)
  A killer bee zombie (D:7)
  A hound zombie (D:7)
  13 gnolls
  11 adders
  A shadow imp (D:8)
  4 white imps
  An ooze (D:2)
  A worm (D:5)
  4 dart slugs
  5 leopard geckos
  18 orcs
  4 giant cockroaches
  10 goblins
  7 hobgoblins
  4 jackals (D:2)
  3 quokkas
  2 ball pythons (D:2)
  7 bats
  3 frilled lizards
  A jackal skeleton (D:4)
  A jackal zombie (D:6)
  10 kobolds
  6 rats
183 creatures vanquished.

Vanquished Creatures (others)
  A gnoll (D:7)
  5 fungi (D:8)
  2 plants (D:8)
8 creatures vanquished.

Grand Total: 191 creatures vanquished

Notes
Turn   | Place    | Note
-------+----------+-------------------------------------------
     0 | D:1      | DatorSojat the Troll Monk began the quest for the Orb.
     0 | D:1      | Reached XP level 1. HP: 22/22 MP: 0/0
   226 | D:1      | Reached XP level 2. HP: 29/29 MP: 1/1
   305 | D:1      | Reached skill level 1 in Unarmed Combat
   411 | D:1      | Reached XP level 3. HP: 36/36 MP: 2/2
   620 | D:2      | You fall into a shaft and drop 2 floors!
   745 | D:2      | Reached XP level 4. HP: 45/45 MP: 3/3
  1663 | D:3      | Reached XP level 5. HP: 51/53 MP: 4/4
  1705 | D:3      | Noticed Terence
  1720 | D:3      | Killed Terence
  1751 | D:3      | Noticed Ijyb
  1775 | D:3      | Killed Ijyb
  1979 | D:3      | Found a shimmering blue altar of Sif Muna.
  2315 | D:4      | Found a bloodstained altar of Trog.
  2329 | D:4      | Noticed an ogre
  2336 | D:4      | Killed an ogre
  2337 | D:4      | Reached XP level 6. HP: 62/62 MP: 5/5
  2604 | D:4      | Found an ancient bone altar of Kikubaaqudgha.
  2742 | D:4      | Noticed Sigmund
  2752 | D:4      | Killed Sigmund
  2821 | D:5      | Entered Level 5 of the Dungeon
  2847 | D:5      | Noticed Duvessa
  2847 | D:5      | Noticed Dowan
  2858 | D:5      | Killed Duvessa
  2859 | D:5      | Reached XP level 7. HP: 38/71 MP: 6/6
  2862 | D:5      | Killed Dowan
  3412 | D:5      | Reached skill level 5 in Fighting
  3412 | D:5      | Reached skill level 5 in Dodging
  3412 | D:5      | Reached skill level 5 in Unarmed Combat
  3722 | D:5      | Reached XP level 8. HP: 80/80 MP: 7/7
  3743 | D:5      | You fall into a shaft and drop 1 floor!
  3743 | D:6      | Found a staircase to the Ecumenical Temple.
  3751 | Temple   | Entered the Ecumenical Temple
  3809 | Temple   | Upgraded the game from 0.26-a0-1132-ge9770dfcb6 to
                  | 0.27-a0-34-gc18c9092ac
  3816 | Temple   | Became a worshipper of Gozag Ym Sagoz the Greedy
  4134 | D:6      | Found a sacrificial altar of Ru.
  4199 | D:6      | Noticed Menkaure
  4591 | D:6      | Killed Menkaure
  4659 | D:6      | Found a hazy altar of Hepliaklqana.
  4807 | D:6      | Reached XP level 9. HP: 65/89 MP: 8/8
  5770 | D:7      | Noticed a six-headed hydra
  6017 | D:8      | Found the macabre finger necklace {rN+}
  6025 | D:8      | Found an ornate altar of the Wu Jian Council.
  6139 | D:8      | Noticed a two-headed ogre
  6198 | D:8      | Killed a two-headed ogre
  6199 | D:8      | Reached XP level 10. HP: 21/102 MP: 9/9
  6376 | D:8      | Noticed a two-headed ogre
  6394 | D:8      | Killed a two-headed ogre
  6414 | D:8      | Noticed Erica
  6436 | D:8      | Killed from afar by Erica

Illustrated notes

Levels and vault maps discovered:
D:1:      minmay_arrival_arboretum_small, layout_rooms,
          chequers_serial_rivers_small_a, roderic_serpentine_path,
          minmay_misc_feat_cross
D:2:      layout_basic
D:3:      layout_basic, lemuel_blue_sif_altar, uniq_terence, uniq_ijyb
D:4:      layout_loops_ring, nicolae_overflow_crystal_walls,
          kiku_gazebo_pond_becter, uniq_sigmund
D:5:      kb_forest_paths, layout_basic, grunt_decor_junction,
          grunt_decor_fettered, uniq_edmund, uniq_duvessa
D:6:      layout_loops_cross, marbit_many_paths, nicolae_ru_path_of_blood,
          minmay_temple_entry_drinking_statues, minivault_19, uniq_menkaure
D:7:      layout_loops_ring, grunt_tough_drop
D:8:      layout_gridville, nzn_wu_jian_contemplation,
          grunt_lair_entry_orc_guard_hut, uniq_erica
Temple:   jpeg_temple_clearing

Skill      XL: |  1  2  3  4  5  6  7  8  9 10 |
---------------+-------------------------------+-----
Unarmed Combat | 1 2 3 4 5 6 8 |  8.9
Fighting       | 3 4 5 6 7 8 |  8.0
Dodging        | 3 4 5 6 7 8 |  8.0
Axes           | |  2.4
Stealth        | |  1.0

Action                   |  1- 3 |  4- 6 |  7- 9 | 10-12 || total
-------------------------+-------+-------+-------+-------++-------
Melee: Unarmed           |    84 |   174 |   333 |    37 ||   628
       Punch             |       |     1 |     6 |     1 ||     8
Evoke: Wand              |       |       |     2 |       ||     2
  Use: Scroll            |       |     5 |     8 |     1 ||    14
       Potion            |       |       |       |     4 ||     4
 Stab: Sleeping          |     2 |     3 |     3 |     1 ||     9
       Distracted        |       |       |     2 |       ||     2
Armor: Robe              |    52 |    99 |    98 |    19 ||   268
Dodge: Dodged            |    67 |   138 |   203 |    43 ||   451
       Repelled          |       |     1 |     1 |     2 ||     4

Table legend: (Time is in decaauts)
 A = Elapsed time spent in this place.
 B = Non-inter-level travel time spent in this place.
 C = Inter-level travel time spent in this place.
 D = Time resting spent in this place.
 E = Time spent auto-exploring this place.
 F = Levels seen in this place.
 G = Mean time per level.
                   A        B        C        D        E       F      G
               +--------+--------+--------+--------+--------+-----+--------+
         Total |   6387 |   6125 |    262 |    213 |   4646 |   9 |  709.7 |
       Dungeon |   6207 |   5970 |    237 |    119 |   4598 |   8 |  775.9 |
        Temple |    180 |    155 |     25 |     94 |     48 |   1 |  180.0 |
               +--------+--------+--------+--------+--------+-----+--------+

Top non-repeatable levels by time:
     D:6: 1046 daAuts
     D:7: 959 daAuts
     D:5: 915 daAuts
     D:3: 912 daAuts
     D:2: 666 daAuts
     D:4: 635 daAuts
     D:1: 599 daAuts
     D:8: 472 daAuts
  Temple: 180 daAuts
